Unix NetHack Version 3.7.0-94 Work-in-progress - last build Dec 13 2023 01:40:03 (eb5afe49d650b6f5c6196fad733e3b2b9fb6c025,branch:master). Game began 2023-12-15 18:39:30, ended 2023-12-15 18:43:07. elenmirie, neutral female human Priestess -- | --.--- ----.| -- |...... -.. ..| |. |......*--- ..-...| |............. ----.-..... ...........-- .|......- -...*......| .......- -%.........-.......| -.............| ----------.........G.--- -......G...?..(....@-| -...... -------...---d.| -..- |.)--- ..- --<..| --- |....| --.--- --- Elenmirie the Aspirant St:11 Dx:9 Co:16 In:10 Wi:18 Ch:11 Neutral Dlvl:3 $:38 HP:0(18) Pw:23(23) AC:5 Xp:2/36 T:761 Latest messages: The gnome hits Yermak. You miss the gnome. Yermak bites the gnome. The gnome hits! You kill the gnome! Yermak bites the gnome. The gnome swings her thonged club at Yermak. The gnome misses Yermak. You kill the gnome! p - an uncursed scroll labeled PHOL ENDE WODAN. You see here a blessed silver spellbook. q - a blessed silver spellbook. You swap places with Yermak. You see here an uncursed thonged club. The gnome throws a dagger! A dagger misses you. Yermak picks up an uncursed corroded dagger. Yermak bites the gnome lord. The gnome lord misses Yermak. Yermak misses the gnome lord. Yermak misses the gnome lord. Yermak bites it. You climb up the stairs. What do you want to read? [ghlpq or ?*] ? You begin to memorize the runes. You add the "cancellation" spell to your repertoire, as 'c'. You descend the stairs. Yermak bites it. Yermak misses it. The gnome lord throws 2 daggers! The 1st dagger misses Yermak. You are hit by the 1st dagger. The 2nd dagger hits Yermak. The gnome lord picks up an uncursed corroded dagger. Yermak drops an uncursed corroded dagger. The gnome lord wields 2 uncursed corroded daggers! The gnome lord picks up an uncursed thonged club. The gnome lord wields an uncursed thonged club! You miss the gnome lord. The gnome lord swings his thonged club. The gnome lord hits! You hit the gnome lord! The gnome lord swings his thonged club. The gnome lord hits! You die... Do you want your possessions identified? [ynq] (y) y Do you want to see your attributes? [ynq] (y) y Do you want an account of creatures vanquished? [ynaq] (y) y Do you want to see your conduct and achievements? [ynq] (y) y Do you want to see the dungeon overview? [ynq] (y) y Inventory: Coins $ - 38 gold pieces Weapons a - a blessed +1 mace (weapon in right hand) Armor c - an uncursed +0 small shield (being worn) n - a cursed -2 cloak of protection b - an uncursed +0 robe (being worn) k - an uncursed +0 leather armor (being worn) Comestibles e - an uncursed clove of garlic m - an uncursed food ration f - an uncursed sprig of wolfsbane j - 4 uncursed lichen corpses Scrolls p - an uncursed scroll of gold detection l - a cursed scroll of teleportation Spellbooks q - a blessed spellbook of cancellation h - an uncursed spellbook of identify g - an uncursed spellbook of light Potions d - 4 potions of holy water Wands o - a blessed wand of digging (0:5) Tools i - an uncursed magic marker (0:22) Elenmirie the Priestess's attributes: Background: You were an Aspirant, a level 2 human Priestess. You were neutral, on a mission for Brigit who was opposed by Lugh (lawful) and Manannan Mac Lir (chaotic). You were right-handed. You were in the Gnomish Mines, on level 3. You entered the dungeon 761 turns ago. You had 36 experience points, 4 more were needed to attain level 3. Basics: You had 0 out of 18 hit points. You had all 23 energy points (spell power). Your armor class was 5. Your wallet contained 38 zorkmids. Autopickup was on for '$' plus thrown. Final Characteristics: Your strength was 11 (limit:18/100). Your dexterity was 9 (limit:18). Your constitution was 16 (limit:18). Your intelligence was 10 (limit:18). Your wisdom was 18 (limit:18). Your charisma was 11 (limit:18). Final Status: You weren't hungry. You were unencumbered. You were wielding a mace. You had basic skill with mace. Final Attributes: You were stridently aligned. You were guarded. You are dead. Miscellaneous: You never encountered a bones level. Total elapsed playing time was 3 minutes and 37 seconds. Major events: Turn 1: elenmirie the neutral human Priestess entered the dungeon 664: entered the Gnomish Mines 761: killed by a gnome lord Vanquished creatures: a yellow mold 3 gnomes a jackal a sewer rat a grid bug 6 lichens 3 newts 16 creatures vanquished. No species were genocided or became extinct. Voluntary challenges: You were an atheist. You read items or engraved 1 time. You never engraved Elbereth. You never genocided any monsters. You never polymorphed an object. You never changed form. You used no wishes. Achievement: You entered the Gnomish Mines. The Dungeons of Doom: levels 1 to 3 Level 1: A fountain. Level 2: An altar to Brigit. Stairs down to The Gnomish Mines. Level 3: The Gnomish Mines: Level 3: <- You were here. Final resting place for you, killed by a gnome lord. Game over: ---------- / \ / REST \ / IN \ / PEACE \ / \ | elenmirie | | 38 Au | | killed by a | | gnome lord | | | | | | 2023 | *| * * * | * _________)/\\_//(\/(/\)/\//\/|_)_______ Goodbye elenmirie the Priestess... You died in The Gnomish Mines on dungeon level 3 with 289 points, and 38 pieces of gold, after 761 moves. You were level 2 with a maximum of 18 hit points when you died.